 Dungeon Crawl Stone Soup version 0.19.5 (webtiles) character file.

152 Peloso the Covered (level 5, -3/46 HPs)
             Began as a Minotaur Fighter on May 9, 2017.
             Killed from afar by raetorn's ghost (16 damage)
             ... with a flame tongue
             ... on level 4 of the Dungeon.
             The game lasted 00:05:10 (2786 turns).

Peloso the Covered (Minotaur Fighter)               Turns: 2786, Time: 00:05:10

Health: -3/46      AC:  7    Str: 21    XL:     5   Next: 11%
Magic:  4/4        EV:  8    Int:  5    God:
Gold:   99         SH:  0    Dex: 10    Spells: 0 memorised, 4 levels left

rFire  . . .     SeeInvis .     a - +0 long sword
rCold  + . .     Gourm    .     b - +0 scale mail
rNeg   . . .     Faith    .     c - +0 shield
rPois  .         Spirit   .     (helmet restricted)
rElec  .         Reflect  .     (no cloak)
rCorr  .         Harm     .     (no gloves)
MR     .....                    (no boots)
Stlth  ..........               t - amulet of regeneration
                                (no ring)
                                s - ring of protection from cold

@: confused
A: retaliatory headbutt, horns 2
a: no special abilities


You were on level 4 of the Dungeon.
You were not hungry.

You visited 1 branch of the dungeon, and saw 4 of its levels.

You collected 99 gold pieces.

Inventory:

Hand Weapons
 a - a +0 long sword (weapon)
 l - a +4 short sword
Armour
 b - a +0 scale mail (worn)
 c - a +0 shield (worn)
Jewellery
 s - a ring of protection from cold (left hand)
 t - an amulet of regeneration (around neck)
Scrolls
 e - 4 scrolls of teleportation
 k - 2 scrolls of magic mapping
 r - a scroll of remove curse {unknown}
 u - a scroll of identify {unknown}
Potions
 d - 3 potions of might
 g - a potion of berserk rage {unknown}
 i - a potion of beneficial mutation {unknown}
 j - a potion of degeneration {unknown}
 m - 2 potions of curing {unknown}
 n - 2 potions of flight {unknown}
 o - a potion of haste {unknown}
 p - 2 potions of heal wounds {unknown}
 q - a potion of agility {unknown}
Comestibles
 f - 3 bread rations
 h - 2 meat rations


   Skills:
 + Level 4.1 Fighting
 + Level 3.7 Long Blades
 + Level 4.8 Armour
 + Level 1.4 Dodging
 + Level 4.7 Shields


You had 4 spell levels left.
You didn't know any spells.

Dungeon Overview and Level Annotations

Branches:
Dungeon (4/15)
 Temple: D:4-7

Altars:
Ashenzari
Dithmenos
Gozag
Makhleb
Qazlal
Ru
Trog

Annotations:
D:4 raetorn's ghost, amateur GrFE


Innate Abilities, Weirdness & Mutations

You reflexively headbutt those who attack you in melee.
You have a pair of horns on your head.


Message History

Raetorn's ghost hits you.
You see here a grey potion.
Raetorn's ghost gestures at you while chanting.
The flame tongue hits you!
Unknown command.
You're too confused to move!
The orc misses you. Raetorn's ghost hits you.
You hear some strange, mumbled words.
You are more confused.
The orc hits you but does no damage.
You hear some strange, mumbled words.
A puff of flame appears from out of thin air!
The puff of flame misses you.
You hear some strange, mumbled words.
A puff of flame appears from out of thin air!
The puff of flame hits you!
* * * LOW HITPOINT WARNING * * *
You miss raetorn's ghost. The orc hits you but does no damage.
Raetorn's ghost points at you and mumbles some strange words.
The flame tongue hits you!
You die...

###...# ##.....#
##......#
##....$.#
##!..$..#
##...!..#
..###....!S.#####
......)...{oW...#
.##.#######@###.#
#.....# #....##
#<..## #...#
#....).#
....##...# ###
.....# ......#


You could see raetorn's ghost, an adder and an orc.

Vanquished Creatures
  4 gnolls (D:3)
  3 adders (D:2)
  2 worms (D:2)
  2 dart slugs
  5 leopard geckos
  3 orcs
  9 bats
  3 giant cockroaches
  7 hobgoblins
  10 kobolds
  A quokka (D:2)
  A ball python (D:2)
  6 frilled lizards
  7 goblins
  9 rats
72 creatures vanquished.

Notes
Turn   | Place    | Note
-------+----------+-------------------------------------------
     0 | D:1      | Peloso the Minotaur Fighter began the quest for the Orb.
     0 | D:1      | Reached XP level 1. HP: 19/19 MP: 0/0
   180 | D:1      | Reached XP level 2. HP: 26/27 MP: 1/1
   620 | D:1      | Reached XP level 3. HP: 26/33 MP: 2/2
  1009 | D:2      | Found a faded altar of an unknown god.
  1009 | D:2      | Found a faded altar of an unknown god.
  1015 | D:2      | Found a faded altar of an unknown god.
  1020 | D:2      | Found a faded altar of an unknown god.
  1022 | D:2      | Found a shadowy altar of Dithmenos.
  1360 | D:2      | Reached skill level 1 in Dodging
  1363 | D:2      | Reached XP level 4. HP: 38/40 MP: 3/3
  1810 | D:3      | Found a burning altar of Makhleb.
  1895 | D:3      | Found a bloodstained altar of Trog.
  2364 | D:3      | Found an opulent altar of Gozag.
  2445 | D:3      | Found a shattered altar of Ashenzari.
  2445 | D:3      | Found a stormy altar of Qazlal.
  2446 | D:3      | Found a sacrificial altar of Ru.
  2522 | D:3      | Reached XP level 5. HP: 46/46 MP: 4/4
  2775 | D:4      | Noticed raetorn's ghost (amateur GrFE)
  2786 | D:4      | Killed from afar by raetorn's ghost

Skill      XL: |  1  2  3 |
---------------+----------+-----
Shields        | 4 |  4.7
Armour         | 4 |  4.8
Long Blades    | 3 |  3.7
Dodging        | 1 |  1.4
Fighting       | 4 |  4.1

Action                   |  1- 3 |  4- 6 || total
-------------------------+-------+-------++-------
Melee: Long sword        |    93 |    74 ||   167
       Headbutt          |    17 |    14 ||    31
  Use: Scroll            |       |     2 ||     2
  Eat: Chunk             |     1 |     5 ||     6
Armor: Scale mail        |    50 |    28 ||    78
Dodge: Dodged            |    25 |    25 ||    50
Block: Shield            |    53 |    37 ||    90
       Rpst.: Long sword |     5 |     5 ||    10
